 Dungeon Crawl Stone Soup version 0.31-a0-217-g58bb5d79cf (webtiles) character file.

Game seed: 15824657047519058713

39180 qw the Cleaver (level 14, -9/88 HPs)
             Began as a Gargoyle Fighter on July 2, 2023.
             Was an Elder of Okawaru.
             Engulfed by an ice statue's freezing vapour (18 damage)
             ... on level 3 of the Lair of Beasts.
             The game lasted 00:07:45 (13374 turns).

qw the Cleaver (Gargoyle Fighter)                  Turns: 13374, Time: 00:07:46

Health: -9/88      AC: 41    Str: 30    XL:     14   Next: 5%
Magic:  21/21      EV:  9    Int: 10    God:    Okawaru [****..]
Gold:   951        SH: 17    Dex:  7    Spells: 13/13 levels left

rFire   + + .        Y - +2 war axe
rCold   . . .        s - +0 kite shield
rNeg    + . .        o - +0 plate armour
rPois   inf          k - +1 helmet
rElec   +            i - +0 cloak
rCorr   .            c - +1 pair of gloves
SInv    .            v - +0 pair of boots
Will    +....        p - amulet of reflection Stlth
                     l - +6 ring of strength
HPRegen 0.34/turn    n - +4 ring of protection
MPRegen 0.17/turn

%: reflection
@: about to teleport, heroic, flying
A: sickness immunity, AC +10, big wings, negative energy resistance 1,
electricity resistance, torment resistance 1, petrification resistance,
iridescent scales 1, clumsy 1, fire resistance 2
a: Renounce Religion, Heroism, Finesse


You were on level 3 of the Lair of Beasts.
You worshipped Okawaru.
Okawaru was greatly pleased with you.
You visited 3 branches of the dungeon, and saw 15 of its levels.
You also visited: Sewer and Ossuary.

You collected 1134 gold pieces.
You spent 183 gold pieces at shops.


Innate Abilities, Weirdness & Mutations

You are immune to sickness and miasma.
Your stone body is resilient. (AC +10)
You are immune to poison.
Your large and strong wings let you fly.
You resist negative energy. (rN+)
You are resistant to electric shocks. (rElec)
You are resistant to unholy torment.
You are immune to petrification.
You are partially covered in iridescent scales. (AC +2)
You are clumsy. (Dex -2)
Your flesh is very heat resistant. (rF++)


   Skills:
 - Level 10.0(15.0) Fighting
 - Level 14.0(19.0) Axes
 - Level 2.3(7.3) Throwing
 - Level 10.0(15.0) Armour
 - Level 2.1(7.1) Dodging
 + Level 11.0(16.0) Shields
 - Level 10.0 Invocations


You had 13 spell levels left.
You didn't know any spells.
Your spell library was empty.

Inventory:

Hand Weapons
 w - a +3 morningstar of freezing
 Y - a +2 war axe (weapon)
Armour
 c - a +1 pair of gloves (worn)
 i - a +0 cloak (worn)
 k - a +1 helmet (worn)
 o - a +0 plate armour (worn)
 s - a +0 kite shield (worn)
 v - a +0 pair of boots (worn)
 y - +0 acid dragon scales
Jewellery
 e - a ring of ice
 l - a +6 ring of strength (left hand)
 n - a +4 ring of protection (right hand)
 p - an amulet of reflection (around neck)
 z - a ring of fire
 A - a ring of fire
Scrolls
 a - 4 scrolls of identify
 h - 4 scrolls of teleportation
Potions
 b - 8 potions of curing
 d - 2 potions of might
 f - a potion of heal wounds
 g - 10 potions of enlightenment
 j - a potion of resistance
 m - 2 potions of mutation
 r - 2 potions of haste
 t - 2 potions of lignification
 u - 3 potions of magic
 x - 3 potions of cancellation
 C - a potion of attraction

Dungeon Overview and Level Annotations

Branches:
Dungeon (11/15)            Temple (1/1) D:7            Lair (3/5) D:11
  Swamp (0/4) Lair:2          Orc (0/2) D:11          Sewer (visited)
Ossuary (visited)
  Snake: Lair:2-3    Spider: Lair:2-3

Altars:
Ashenzari
Cheibriados
Dithmenos
Elyvilon
Fedhas
Gozag
Hepliaklqana
Kikubaaqudgha
Makhleb
Nemelex Xobeh
Okawaru
Qazlal
Ru
Sif Muna
Trog
Uskayaw
Vehumet
Wu Jian
Xom
Yredelemnul
Zin
The Shining One

Shops:
D:3 !   D:6 *   D:7 (

Annotations:
D:4 2 transporters
D:6 3 runed translucent doors, qw's ghost, novice MiHs
Lair:2 2 transporters


Message History

The freezing blast engulfs the ice beast.
The ice beast completely resists.
The ice beast hits you but does no damage. x2
13368 ||| Stepping ~*~*~tactically~*~*~ (cloud).
A water moccasin comes into view.
The water moccasin hisses angrily.
The ice statue gestures.
Enter note: You hit the ice beast but do no damage.
The ice beast is heavily wounded.
You slash the ice beast! You block the ice beast's attack.
You closely miss the ice beast.
The ice beast is heavily wounded.
You hit the ice beast but do no damage. You block the ice beast's attack.
The ice beast hits you but does no damage.
You hit the ice beast.
The ice beast is severely wounded.
You closely miss the ice beast. The ice beast barely misses you.
You slice the ice beast!!
You kill the ice beast!
The ice beast disappears in a puff of smoke!
You hit the ice beast.
The ice statue gestures.
You block the ice beast's attack.
The water moccasin bites you but does no damage.
You slash the ice beast!
You kill the ice beast!
The ice beast disappears in a puff of smoke!
You barely miss the water moccasin. The ice statue gestures at you.
The bolt of cold hits you!!
The water moccasin bites you but does no damage.
13374 ||| READING 5 scrolls of teleportation.
As you read the scroll of teleportation, it crumbles to dust.
You feel strangely unstable.
You are engulfed in freezing vapours.
You die...

.........P.....
.#.............###
#.}.~~~.......~~~.}#
P..~~~~.....~.~~~~.##
...~~~.~~~.~~~.~~~~.#
..~~~....~~~~...~~~~#
.#~~.~S...~~~~.~.~~.##
....~~~@ยค~~~~~~~~....#
....~~~~~0~0~~~~~...#
....~~~Y0~~~~~~~~...#
....~~~~0$)[~~~~~...#
##^..~~~~$8?~~~~....###
#...~~~~$.$~~~~...<.P#
#..~~~~~[Y$~~~~~.....#
P..~~~~~~~~~~~~~.....#
...~~~~~~~~~~~~~....##


You could see an ice statue, a water moccasin and 2 ice beasts.

Vanquished Creatures
  2 catoblepae
  2 boulder beetles (D:9)
  3 two-headed ogres
  A tengu warrior (D:9)
  A skyshark (Lair:1)
  2 ugly things (D:11)
  2 cyclopes
  12 elephants (Lair:1)
  A black mamba (Lair:2)
  6 cane toads
  An unseen horror (D:10)
  A rime drake (Lair:3)
  Psyche (D:9)
  6 komodo dragons
  A freezing wraith (Lair:3)
  2 polar bears
  A troll (D:9)
  11 blink frogs
  4 slime creatures (D:11)
  A vampire (D:11)
  2 wraiths
  14 yaks
  6 wyverns
  An unseen horror simulacrum (D:9)
  3 steam dragons
  3 basilisks
  11 vampire mosquitoes
  2 acid dragons
  7 water moccasins
  4 orc warriors
  4 black bears
  2 sky beasts (D:7)
  7 ice beasts
  2 centaurs
  2 ogres
  A boggart (D:9)
  4 wolves (Lair:1)
  A kobold brigand (D:9)
  16 bullfrogs
  7 scorpions
  16 wights
  5 killer bees (D:9)
  2 electric eels (D:7)
  3 howler monkeys (D:9)
  3 orc priests
  A hound (D:4)
  A jelly (D:7)
  2 sleepcaps
  2 iguanas (D:4)
  12 orc wizards
  A hound zombie (Ossuary)
  4 mummies (Ossuary)
  Robin (D:4)
  13 adders
  3 white imps
  3 ufetubi
  2 adder zombies (Ossuary)
  3 worms
  A dart slug (D:4)
  26 orcs
  9 ball pythons
  7 endoplasms
  3 giant cockroaches
  2 gnoll zombies (Ossuary)
  16 goblins
  7 hobgoblins
  11 kobolds
  4 quokkas
  10 bats
  A frilled lizard (D:3)
  2 hobgoblin zombies (Ossuary)
  3 jackal zombies (Ossuary)
  A rat (D:1)
  2 rat zombies (Ossuary)
342 creatures vanquished.

Notes
Turn   | Place    | Note
-------+----------+-------------------------------------------
     0 | D:1      | qw the Gargoyle Fighter began the quest for the Orb.
     0 | D:1      | Reached XP level 1. HP: 14/14 MP: 1/1
     0 | D:1      | 0 ||| qw: Version: 0.3-a-40-ge99b1a8
     0 | D:1      | 0 ||| qw: Game counter: 247
     0 | D:1      | 0 ||| qw: Melee chars always use a shield: true
     0 | D:1      | 0 ||| qw: God list: Okawaru
     0 | D:1      | 0 ||| qw: Allow faded altars: false
     0 | D:1      | 0 ||| qw: Do Orc after clearing Dungeon:15 true
     0 | D:1      | 0 ||| qw: Do second Lair branch before Depths: true
     0 | D:1      | 0 ||| qw: Lair rune preference: random
     0 | D:1      | 0 ||| qw: Goals: Normal, Zot:1-4, Slime:5, God:TSO, Crypt,
                  | Tomb, Abyss, Pan, Hells, Win
     0 | D:1      | 0 ||| PLANNING D:1-11
    14 | D:1      | Reached skill level 2 in Axes
   173 | D:1      | 173 ||| DROPPING +0 whip.
   214 | D:1      | Reached XP level 2. HP: 15/19 MP: 2/2
   808 | D:1      | Found a faded altar of an unknown god.
   818 | D:1      | Reached skill level 3 in Axes
   887 | D:1      | Reached XP level 3. HP: 23/23 MP: 3/3
   939 | D:1      | 939 ||| READING scroll labelled ORCHAITT JITAB.
   940 | D:1      | 940 ||| READING scroll labelled MEMIYXZ VIMUHU.
   943 | D:1      | 943 ||| READING scroll labelled DUYWADUNULE.
   944 | D:1      | 944 ||| READING scroll labelled TUUK QYZINEYCS.
   945 | D:1      | 945 ||| READING scroll labelled EDU RU CALEEJU.
  1192 | D:2      | Found an ornate altar of the Wu Jian Council.
  1455 | D:2      | 1455 ||| UPGRADING to +0 helmet.
  1460 | D:2      | 1460 ||| UPGRADING to +6 ring of strength.
  1461 | D:2      | 1461 ||| READING scroll labelled GAXOBE WUH WUPN.
  1462 | D:2      | 1462 ||| READING scroll labelled UGULAMPAIX.
  1596 | D:3      | Found a shadowy altar of Dithmenos.
  1615 | D:3      | Found a white marble altar of Elyvilon.
  1619 | D:3      | Found an ornate altar of the Wu Jian Council.
  1761 | D:3      | Found Fuekuy's Distillery.
  1765 | D:3      | 1765 ||| BUYING 2 potions of enlightenment (120 gold).
  1765 | D:3      | Bought 2 potions of enlightenment for 120 gold pieces
  1765 | D:3      | 1765 ||| SHOPLISTING potion of attraction (36 gold, have
                  | 13).
  1765 | D:3      | 1765 ||| SHOPLISTING potion of enlightenment (60 gold, have
                  | 13).
  1765 | D:3      | 1765 ||| SHOPLISTING potion of magic (96 gold, have 13).
  1765 | D:3      | 1765 ||| SHOPLISTING potion of mutation (96 gold, have 13).
  1765 | D:3      | 1765 ||| SHOPLISTING potion of resistance (120 gold, have
                  | 13).
  1867 | D:3      | 1867 ||| Stepping ~*~*~tactically~*~*~ (stealth).
  2036 | D:3      | 2036 ||| UPGRADING to amulet of reflection.
  2041 | D:3      | 2041 ||| UPGRADING to +4 ring of protection.
  2042 | D:3      | 2042 ||| READING scroll labelled NEILIG BYFOSK.
  2043 | D:3      | 2043 ||| READING scroll labelled CIGYNE XIEMMAN.
  2090 | D:3      | Reached XP level 4. HP: 28/28 MP: 4/4
  2102 | D:4      | 2102 ||| PLANNING OSSUARY
  2107 | D:4      | Reached skill level 4 in Axes
  2136 | D:4      | 2136 ||| DROPPING +0 mace.
  2157 | D:4      | Found a sand-covered staircase.
  2158 | D:4      | 2158 ||| UPGRADING to +0 plate armour.
  2168 | D:4      | 2168 ||| DROPPING +0 scale mail.
  2173 | D:4      | 2173 ||| Stepping ~*~*~tactically~*~*~ (hiding).
  2282 | Ossuary  | Entered an ossuary
  2298 | Ossuary  | Reached XP level 5. HP: 26/32 MP: 5/5
  2462 | Ossuary  | Reached skill level 5 in Axes
  2492 | Ossuary  | 2492 ||| READING scroll labelled LOIBIZ EKKIESMIJYX.
  2493 | Ossuary  | 2493 ||| DRINKING 3 emerald potions.
  2493 | Ossuary  | Gained mutation: Your flesh is heat resistant. (rF+)
                  | [potion of mutation]
  2493 | Ossuary  | Gained mutation: You do not regenerate when monsters are
                  | visible. [potion of mutation]
  2493 | Ossuary  | Gained mutation: Your flesh is very heat resistant. (rF++)
                  | [potion of mutation]
  2493 | Ossuary  | Gained mutation: You expend magic power (3 MP) to
                  | strengthen your wands. [potion of mutation]
  2494 | Ossuary  | 2494 ||| DRINKING 2 potions of mutation.
  2494 | Ossuary  | Lost mutation: You do not regenerate when monsters are
                  | visible. [potion of mutation]
  2494 | Ossuary  | Lost mutation: You expend magic power (3 MP) to strengthen
                  | your wands. [potion of mutation]
  2494 | Ossuary  | Gained mutation: You are clumsy. (Dex -2) [potion of
                  | mutation]
  2494 | Ossuary  | Gained mutation: You are partially covered in iridescent
                  | scales. (AC +2) [potion of mutation]
  2495 | Ossuary  | 2495 ||| DRINKING 3 coppery potions.
  2496 | Ossuary  | 2496 ||| READING 5 scrolls of identify.
  2496 | Ossuary  | 2496 ||| IDENTIFYING amethyst potion
  2497 | Ossuary  | 2497 ||| READING 4 scrolls of identify.
  2497 | Ossuary  | 2497 ||| IDENTIFYING golden potion
  2498 | Ossuary  | 2498 ||| READING 3 scrolls of identify.
  2498 | Ossuary  | 2498 ||| IDENTIFYING blue potion
  2499 | Ossuary  | 2499 ||| READING 2 scrolls of identify.
  2499 | Ossuary  | 2499 ||| IDENTIFYING sedimented puce potion
  2500 | Ossuary  | 2500 ||| DROPPING potion of degeneration.
  2501 | Ossuary  | 2501 ||| DROPPING potion of brilliance.
  2512 | D:4      | 2512 ||| PLANNING D:1-11
  2544 | D:4      | Noticed an ogre
  2548 | D:4      | Killed an ogre
  2549 | D:4      | Reached XP level 6. HP: 32/39 MP: 6/6
  2609 | D:4      | Found a transporter.
  2609 | D:4      | Noticed a steam dragon
  2612 | D:4      | Found a transporter.
  2626 | D:4      | Found a shimmering blue altar of Sif Muna.
  2751 | D:4      | Reached skill level 1 in Throwing
  2761 | D:4      | 2761 ||| Stepping ~*~*~tactically~*~*~ (hiding).
  2776 | D:4      | 2776 ||| DRINKING potion of curing.
  2776 | D:4      | 2776 ||| (to cure confusion)
  2784 | D:4      | Reached XP level 7. HP: 42/44 MP: 7/7
  2836 | D:4      | 2836 ||| Stepping ~*~*~tactically~*~*~ (stealth).
  2837 | D:4      | 2837 ||| Stepping ~*~*~tactically~*~*~ (stealth).
  2838 | D:4      | Noticed Robin
  2839 | D:4      | 2839 ||| Stepping ~*~*~tactically~*~*~ (stealth).
  2855 | D:4      | 2855 ||| Stepping ~*~*~tactically~*~*~ (stealth).
  2857 | D:4      | 2857 ||| Stepping ~*~*~tactically~*~*~ (hiding).
  2876 | D:4      | Killed Robin
  2877 | D:4      | 2877 ||| Stepping ~*~*~tactically~*~*~ (stealth).
  2913 | D:4      | 2913 ||| Stepping ~*~*~tactically~*~*~ (stealth).
  2917 | D:4      | Reached skill level 6 in Axes
  3208 | D:4      | 3208 ||| Stepping ~*~*~tactically~*~*~ (water).
  3453 | D:4      | 3453 ||| DROPPING ring of wizardry.
  3463 | D:5      | Entered Level 5 of the Dungeon
  3473 | D:5      | 3473 ||| DRINKING potion of curing.
  3473 | D:5      | 3473 ||| (to cure confusion)
  3598 | D:5      | Reached skill level 7 in Axes
  3704 | D:5      | Reached XP level 8. HP: 49/49 MP: 8/8
  4103 | D:6      | 4103 ||| PLANNING SEWER
  4110 | D:6      | Found Serhaf's Neck Hole.
  4115 | D:6      | 4115 ||| BUYING +0 cloak (63 gold).
  4115 | D:6      | Bought a +0 cloak for 63 gold pieces
  4115 | D:6      | 4115 ||| SHOPLISTING scarf of resistance (448 gold, have
                  | 184).
  4153 | D:6      | 4153 ||| READING scroll of enchant weapon.
  4153 | D:6      | 4153 ||| ENCHANTING +1 war axe.
  4224 | D:6      | Noticed a two-headed ogre
  4240 | D:6      | Killed a two-headed ogre
  4241 | D:6      | Reached skill level 9 in Axes
  4241 | D:6      | Reached XP level 9. HP: 42/54 MP: 9/9
  4358 | D:6      | Found a runed translucent gate.
  4358 | D:6      | Found a runed translucent gate.
  4359 | D:6      | Found a runed translucent gate.
  4359 | D:6      | Noticed qw's ghost (novice MiHs)
  4360 | D:6      | Noticed a kobold demonologist
  4382 | D:6      | Reached skill level 1 in Dodging
  4587 | D:6      | Reached skill level 6 in Fighting
  4626 | D:6      | Found a glowing drain.
  4627 | D:6      | 4627 ||| UPGRADING to +0 cloak.
  4632 | D:6      | 4632 ||| UPGRADING to +0 pair of boots.
  4637 | D:6      | 4637 ||| READING scroll labelled AVVIDDYLEZ.
  4638 | D:6      | 4638 ||| READING scroll labelled RULAST ASAU.
  4647 | Sewer    | Entered a sewer
  4716 | Sewer    | 4716 ||| Stepping ~*~*~tactically~*~*~ (water).
  4809 | Sewer    | 4809 ||| READING scroll of enchant armour.
  4809 | Sewer    | 4809 ||| ENCHANTING +0 helmet.
  4881 | D:6      | 4881 ||| PLANNING D:1-11
  5412 | D:7      | Reached skill level 6 in Armour
  5483 | D:7      | 5483 ||| Stepping ~*~*~tactically~*~*~ (hiding).
  5648 | D:7      | Found a staircase to the Ecumenical Temple.
  5649 | D:7      | 5649 ||| PLANNING TEMPLE
  5655 | Temple   | Entered the Ecumenical Temple
  5655 | Temple   | Found a transporter.
  5655 | Temple   | Found a transporter.
  5657 | Temple   | Found a transporter.
  5657 | Temple   | Found a transporter.
  5667 | Temple   | 5667 ||| PLANNING D:1-11
  5682 | Temple   | 5682 ||| PLANNING OKAWARU WORSHIP
  5686 | Temple   | Became a worshipper of Warmaster Okawaru
  5687 | Temple   | 5687 ||| PLANNING D:1-11
  5759 | D:7      | 5759 ||| FLEEEEING.
  5760 | D:7      | 5760 ||| FLEEEEING.
  5761 | D:7      | 5761 ||| FLEEEEING.
  5762 | D:7      | 5762 ||| FLEEEEING.
  5763 | D:7      | 5763 ||| FLEEEEING.
  5764 | D:7      | 5764 ||| FLEEEEING.
  5765 | D:7      | 5765 ||| FLEEEEING.
  5766 | D:7      | 5766 ||| FLEEEEING.
  5767 | D:7      | 5767 ||| FLEEEEING.
  5768 | D:7      | 5768 ||| FLEEEEING.
  5770 | D:7      | 5770 ||| FLEEEEING.
  5771 | D:7      | 5771 ||| FLEEEEING.
  5772 | D:7      | 5772 ||| FLEEEEING.
  5773 | D:7      | 5773 ||| FLEEEEING.
  5774 | D:7      | 5774 ||| FLEEEEING.
  5885 | D:7      | Found Gusk's Weapon Shop.
  5982 | D:7      | 5982 ||| READING 2 scrolls of identify.
  5982 | D:7      | 5982 ||| IDENTIFYING viscous purple potion
  6124 | D:7      | 6124 ||| DROPPING +0 morningstar.
  6269 | D:7      | Reached * piety under Okawaru
  6303 | D:7      | Reached skill level 10 in Axes
  6303 | D:7      | Reached skill level 1 in Invocations
  6303 | D:7      | Reached XP level 10. HP: 62/63 MP: 10/10
  6679 | D:8      | 6679 ||| Stepping ~*~*~tactically~*~*~ (stealth).
  6680 | D:8      | 6680 ||| Stepping ~*~*~tactically~*~*~ (stealth).
  6681 | D:8      | 6681 ||| INVOKING Heroism.
  6720 | D:8      | 6720 ||| Stepping ~*~*~tactically~*~*~ (hiding).
  6783 | D:8      | 6783 ||| Stepping ~*~*~tactically~*~*~ (stealth).
  6961 | D:8      | Reached skill level 3 in Invocations
  7038 | D:8      | 7038 ||| Stepping ~*~*~tactically~*~*~ (stealth).
  7041 | D:8      | 7041 ||| Stepping ~*~*~tactically~*~*~ (stealth).
  7043 | D:8      | 7043 ||| INVOKING Heroism.
  7045 | D:8      | 7045 ||| Stepping ~*~*~tactically~*~*~ (hiding).
  7396 | D:8      | 7396 ||| DRINKING 2 silvery potions.
  7397 | D:8      | 7397 ||| DRINKING 5 potions of curing.
  7397 | D:8      | 7397 ||| (to cure confusion)
  7398 | D:8      | 7398 ||| DRINKING 2 smoky white potions.
  7420 | D:8      | 7420 ||| DRINKING 2 inky potions.
  7421 | D:8      | 7421 ||| READING 4 scrolls of identify.
  7421 | D:8      | 7421 ||| IDENTIFYING dark potion
  7422 | D:8      | 7422 ||| READING 3 scrolls of identify.
  7422 | D:8      | 7422 ||| IDENTIFYING black potion
  7423 | D:8      | 7423 ||| DROPPING potion of berserk rage.
  7424 | D:8      | 7424 ||| DROPPING potion of ambrosia.
  7454 | D:9      | 7454 ||| Stepping ~*~*~tactically~*~*~ (stealth).
  7459 | D:9      | Noticed Psyche
  7460 | D:9      | 7460 ||| INVOKING Heroism.
  7467 | D:9      | Killed Psyche
  7484 | D:9      | 7484 ||| Stepping ~*~*~tactically~*~*~ (stealth).
  7508 | D:9      | 7508 ||| INVOKING Heroism.
  7583 | D:9      | Noticed a cyclops
  7585 | D:9      | 7585 ||| INVOKING Heroism.
  7595 | D:9      | Killed a cyclops
  7595 | D:9      | Reached ** piety under Okawaru
  7713 | D:9      | 7713 ||| Stepping ~*~*~tactically~*~*~ (hiding).
  7714 | D:9      | 7714 ||| INVOKING Heroism.
  7738 | D:9      | Reached skill level 11 in Axes
  7759 | D:9      | Noticed a tengu warrior
  7760 | D:9      | 7760 ||| Stepping ~*~*~tactically~*~*~ (stealth).
  7761 | D:9      | 7761 ||| INVOKING Heroism.
  7776 | D:9      | Noticed a two-headed ogre
  7781 | D:9      | 7781 ||| INVOKING Heroism.
  7786 | D:9      | Killed a tengu warrior
  7787 | D:9      | Reached XP level 11. HP: 54/69 MP: 11/14
  7792 | D:9      | Killed a two-headed ogre
  7793 | D:9      | Reached skill level 9 in Fighting
  7796 | D:9      | Reached *** piety under Okawaru
  7890 | D:9      | 7890 ||| INVOKING Heroism.
  7914 | D:9      | Noticed a catoblepas
  7921 | D:9      | 7921 ||| INVOKING Heroism.
  7926 | D:9      | Killed a catoblepas
  8013 | D:9      | Found a flagged portal.
  8121 | D:9      | Noticed a boulder beetle
  8122 | D:9      | 8122 ||| INVOKING Heroism.
  8141 | D:9      | 8141 ||| INVOKING Heroism.
  8143 | D:9      | Killed a boulder beetle
  8298 | D:9      | 8298 ||| Stepping ~*~*~tactically~*~*~ (hiding).
  8299 | D:9      | 8299 ||| INVOKING Heroism.
  8621 | D:9      | Noticed a boulder beetle
  8622 | D:9      | 8622 ||| INVOKING Heroism.
  8644 | D:9      | Killed a boulder beetle
  8645 | D:9      | Reached skill level 12 in Axes
  8762 | D:9      | 8762 ||| UPGRADING to +0 kite shield.
  8772 | D:9      | 8772 ||| DROPPING +0 buckler.
  8773 | D:9      | 8773 ||| DROPPING amulet of regeneration.
  8774 | D:9      | 8774 ||| READING 4 scrolls of identify.
  8774 | D:9      | 8774 ||| IDENTIFYING yellow potion
  8775 | D:9      | 8775 ||| DRINKING potion of experience.
  8775 | D:9      | Reached XP level 12. HP: 76/76 MP: 15/15
  8793 | D:9      | 8793 ||| Stepping ~*~*~tactically~*~*~ (stealth).
  8828 | D:10     | Entered Level 10 of the Dungeon
  8876 | D:10     | 8876 ||| Stepping randomly (disturbance).
  8997 | D:10     | Reached **** piety under Okawaru
  9235 | D:10     | Found a sparkling altar of Nemelex Xobeh.
  9288 | D:10     | 9288 ||| Stepping ~*~*~tactically~*~*~ (stealth).
  9291 | D:10     | 9291 ||| Stepping ~*~*~tactically~*~*~ (stealth).
  9297 | D:10     | 9297 ||| Stepping ~*~*~tactically~*~*~ (stealth).
  9463 | D:10     | 9463 ||| UPGRADING to +0 pair of gloves.
  9525 | D:11     | Received a gift from Okawaru
  9526 | D:11     | Reached skill level 9 in Armour
  9652 | D:11     | 9652 ||| Stepping ~*~*~tactically~*~*~ (stealth).
  9793 | D:11     | 9793 ||| DRINKING 7 potions of curing.
  9793 | D:11     | 9793 ||| (to cure confusion)
  9982 | D:11     | 9982 ||| INVOKING Heroism.
  9986 | D:11     | Reached skill level 6 in Invocations
 10071 | D:11     | 10071 ||| INVOKING Heroism.
 10072 | D:11     | 10072 ||| READING 6 scrolls of teleportation.
 10201 | D:11     | 10201 ||| Stepping ~*~*~tactically~*~*~ (hiding).
 10207 | D:11     | 10207 ||| INVOKING Heroism.
 10318 | D:11     | Found a staircase to the Lair.
 10389 | D:11     | Found a staircase to the Orcish Mines.
 10463 | D:11     | Noticed a two-headed ogre
 10476 | D:11     | Reached XP level 13. HP: 64/82 MP: 16/18
 10478 | D:11     | 10478 ||| INVOKING Heroism.
 10733 | D:11     | 10733 ||| PLANNING LAIR
 10733 | D:11     | 10733 ||| READING 5 scrolls of identify.
 10733 | D:11     | 10733 ||| IDENTIFYING fuming cyan potion
 10781 | Lair:1   | Entered Level 1 of the Lair of Beasts
 10862 | Lair:1   | 10862 ||| INVOKING Heroism.
 10863 | Lair:1   | 10863 ||| Stepping ~*~*~tactically~*~*~ (stealth).
 10978 | Lair:1   | Reached ***** piety under Okawaru
 10995 | Lair:1   | 10995 ||| INVOKING Heroism.
 11026 | Lair:1   | Reached skill level 13 in Axes
 11042 | Lair:1   | 11042 ||| INVOKING Heroism.
 11054 | Lair:1   | Reached skill level 9 in Invocations
 11238 | Lair:1   | 11238 ||| Stepping ~*~*~tactically~*~*~ (stealth).
 11258 | Lair:1   | 11258 ||| FLEEEEING.
 11259 | Lair:1   | 11259 ||| FLEEEEING.
 11260 | Lair:1   | 11260 ||| FLEEEEING.
 11368 | Lair:1   | 11368 ||| Stepping ~*~*~tactically~*~*~ (hiding).
 11430 | Lair:1   | 11430 ||| Stepping ~*~*~tactically~*~*~ (stealth).
 11431 | Lair:1   | 11431 ||| Stepping ~*~*~tactically~*~*~ (stealth).
 11447 | Lair:1   | 11447 ||| INVOKING Heroism.
 11540 | Lair:1   | 11540 ||| Stepping ~*~*~tactically~*~*~ (stealth).
 11542 | Lair:1   | 11542 ||| Stepping ~*~*~tactically~*~*~ (stealth).
 11694 | Lair:1   | 11694 ||| READING scroll of enchant armour.
 11694 | Lair:1   | 11694 ||| ENCHANTING +0 pair of gloves.
 11927 | Lair:1   | 11927 ||| INVOKING Heroism.
 12013 | Lair:1   | 12013 ||| DROPPING amulet of magic regeneration.
 12014 | Lair:1   | 12014 ||| READING scroll labelled YBAP BUETWE.
 12063 | Lair:1   | 12063 ||| READING scroll labelled QINWATH TEWI.
 12248 | Lair:2   | 12248 ||| INVOKING Heroism.
 12311 | Lair:2   | Found a transporter.
 12314 | Lair:2   | Found a transporter.
 12443 | Lair:2   | 12443 ||| INVOKING Heroism.
 12582 | Lair:2   | 12582 ||| Stepping ~*~*~tactically~*~*~ (stealth).
 12584 | Lair:2   | 12584 ||| Stepping ~*~*~tactically~*~*~ (stealth).
 12620 | Lair:2   | 12620 ||| INVOKING Heroism.
 12622 | Lair:2   | 12622 ||| INVOKING Finesse.
 12826 | Lair:2   | 12826 ||| INVOKING Heroism.
 12894 | Lair:2   | 12894 ||| Stepping ~*~*~tactically~*~*~ (stealth).
 12904 | Lair:2   | Found a staircase to the Swamp.
 12968 | Lair:2   | 12968 ||| INVOKING Heroism.
 13013 | Lair:2   | 13013 ||| INVOKING Heroism.
 13098 | Lair:2   | 13098 ||| Stepping ~*~*~tactically~*~*~ (stealth).
 13099 | Lair:2   | 13099 ||| INVOKING Heroism.
 13108 | Lair:2   | Gained mutation: Your large and strong wings let you fly.
                  | [Gargoyle growth]
 13108 | Lair:2   | Reached XP level 14. HP: 88/88 MP: 19/21
 13271 | Lair:2   | 13271 ||| DROPPING +1 pair of gloves.
 13301 | Lair:3   | 13301 ||| INVOKING Heroism.
 13328 | Lair:3   | Reached skill level 14 in Axes
 13329 | Lair:3   | 13329 ||| Stepping ~*~*~tactically~*~*~ (cloud).
 13336 | Lair:3   | 13336 ||| Stepping ~*~*~tactically~*~*~ (cloud).
 13342 | Lair:3   | 13342 ||| Stepping ~*~*~tactically~*~*~ (cloud).
 13343 | Lair:3   | 13343 ||| Stepping ~*~*~tactically~*~*~ (cloud).
 13350 | Lair:3   | 13350 ||| Stepping ~*~*~tactically~*~*~ (cloud).
 13357 | Lair:3   | 13357 ||| INVOKING Heroism.
 13365 | Lair:3   | 13365 ||| Stepping ~*~*~tactically~*~*~ (cloud).
 13368 | Lair:3   | 13368 ||| Stepping ~*~*~tactically~*~*~ (cloud).
 13373 | Lair:3   | HP: 9/88 [ice statue/bolt of cold (25)]
 13374 | Lair:3   | 13374 ||| READING 5 scrolls of teleportation.
 13374 | Lair:3   | Engulfed by an ice statue's freezing vapour

Levels and vault maps discovered:
D:1:      lightli_arrival_lavapool, layout_basic,
          ebering_ecumenical_altar_abandoned
D:2:      layout_basic, basic_altar
D:3:      layout_basic, minitemple, serial_shops, shop, hangedman_glass_teeth,
          reono_crystal_passage
D:4:      layout_loops_corners, gammafunk_temple_overflow_arena,
          enter_ossuary_1, chequers_serial_rivers_large_b,
          serial_bayou_lagoon_b, uniq_robin
D:5:      layout_cave_pools, hex_tiny
D:6:      layout_cave_pods, portal_sewer_entry_d, gammafunk_ghost_nasty_kobolds,
          nicolae_shop_sticking_my_neck_out
D:7:      layout_loops_corners, minmay_temple_entry_slanted, serial_shops,
          nicolae_shop_bloodbath_and_beyond, nicolae_kite_square_tiling_tiny,
          serial_bayou_lake_a
D:8:      layout_basic
D:9:      layout_basic, enter_bailey_5, minmay_shattered_shrine, uniq_psyche
D:10:     layout_loops_ring, nemelex_spade_bored_becter, nzn_random_ring
D:11:     layout_irregular_city, erik_lair_dragon, orc_0_dummy
Temple:   hellmonk_temple_divided_pantheon
Lair:1:   layout_regular_city, serial_bayou_shore_a, grunt_megastairs_5
Lair:2:   gammafunk_boulding_lane, layout_chaotic_city,
          minmay_swamp_entry_swarm, serial_bayou_pond_d, grunt_megastairs_1,
          infiniplex_staircase_pool
Lair:3:   layout_layer_cave, hellmonk_spider_entry_not_the_bees, minivault_19,
          ice2_lemuel

Skill      XL: |  1  2  3  4  5  6  7  8  9 10 11 12 13 14 |
---------------+-------------------------------------------+-----
Axes           | 2 3 4 5 7 9 10 11 12 13 14 | 14.0
Fighting       | 4 5 7 8 9 10 | 10.0
Throwing       | 1 2 |  2.3
Armour         | 4 6 8 9 10 | 10.0
Dodging        | 1 2 |  2.1
Shields        | 4 5 10 11 | 11.0
Invocations    | 1 4 6 10 | 10.0

Action                     |  1- 3 |  4- 6 |  7- 9 | 10-12 | 13-15 || total
---------------------------+-------+-------+-------+-------+-------++-------
  Melee: War axe           |   131 |    95 |   298 |   459 |   446 ||  1429
  Throw: Javelin           |     2 |    18 |    21 |       |       ||    41
         Boomerang         |       |       |       |    39 |    10 ||    49
 Invoke: Heroism           |       |       |       |    17 |    15 ||    32
         Finesse           |       |       |       |       |     1 ||     1
    Use: Scroll            |     9 |     5 |     5 |     4 |     5 ||    28
         Potion            |       |     4 |     1 |     6 |       ||    11
 Armour: Scale mail        |    70 |     1 |       |       |       ||    71
         Plate armour      |       |    67 |   175 |   295 |   207 ||   744
  Dodge: Dodged            |    52 |    23 |    61 |    99 |    76 ||   311
  Block: Buckler           |    20 |    40 |   115 |    99 |       ||   274
         Reflection        |       |       |       |     2 |     1 ||     3
         Kite shield       |       |       |       |   111 |   332 ||   443

Table legend:
 A = Non-vault XP
 B = Vault XP
 C = Vault XP percentage of total XP
 D = Non-vault monster count
 E = Vault monster count
 F = Vault count percentage of total count
                 A         B        C        D         E       F
            +---------+---------+-------+---------+---------+-------
      Total |   28169 |   16477 |  36.9 |     240 |     102 |  29.8
            +---------+---------+-------+---------+---------+-------
        D:1 |      35 |       0 |   0.0 |      20 |       0 |   0.0
        D:2 |       8 |       0 |   0.0 |       5 |       0 |   0.0
        D:3 |      39 |       0 |   0.0 |      17 |       0 |   0.0
        D:4 |     616 |      37 |   5.7 |      23 |      12 |  34.3
        D:5 |     617 |       0 |   0.0 |      12 |       0 |   0.0
        D:6 |    1740 |      13 |   0.7 |      14 |       1 |   6.7
        D:7 |    1499 |       0 |   0.0 |      19 |       0 |   0.0
        D:8 |    1591 |       0 |   0.0 |      32 |       0 |   0.0
        D:9 |    1962 |    5419 |  73.4 |      16 |      20 |  55.6
       D:10 |    1812 |       0 |   0.0 |      11 |       0 |   0.0
       D:11 |    5144 |    1554 |  23.2 |      20 |       7 |  25.9
     Lair:1 |    7523 |    5527 |  42.4 |      33 |      11 |  25.0
     Lair:2 |    5114 |    2423 |  32.1 |      16 |      11 |  40.7
     Lair:3 |     469 |    1279 |  73.2 |       2 |       8 |  80.0
      Sewer |       0 |     112 | 100.0 |       0 |      16 | 100.0
    Ossuary |       0 |     113 | 100.0 |       0 |      16 | 100.0
            +---------+---------+-------+---------+---------+-------
